 Dungeon Crawl Stone Soup version 0.26.1-11-gd32895ea62 (webtiles) character file.

Game seed: 16950299241268987612

1209 pcat the Geomancer (level 8, -14/48 HPs)
             Began as a Gargoyle Earth Elementalist on May 24, 2021.
             Demolished by Harold
             ... wielding a +0 flail
              (17 damage)
             ... on level 7 of the Dungeon.
             The game lasted 00:13:45 (7065 turns).

pcat the Geomancer (Gargoyle Earth Elementalist)    Turns: 7065, Time: 00:13:47

Health: -14/48     AC: 10    Str: 13    XL:     8   Next: 45%
Magic:  7/16       EV:  6    Int: 24    God:
Gold:   388        SH:  0    Dex: 10    Spells: 12/18 levels left

rFire    . . .     SeeInvis .   E - +6 hand axe of True Grit {vorpal, rN+ Int+7}
rCold    . . .     Faith    .   (no shield)
rNeg     + + .     Spirit   .   w - +2 robe {Will+}
rPois    ∞         Reflect  .   (no helmet)
rElec    +         Harm     .   C - +0 cloak
rCorr    .         Rampage  .   (no gloves)
Will     +....                  (no boots)
Stlth    ++........             (no amulet)
HPRegen  0.16/turn              (no ring)
MPRegen  0.15/turn              (no ring)

@: marked, held
A: negative energy resistance 1, electricity resistance, unbreathing,
petrification resistance, miasma immunity, AC +5
a: no special abilities


You were on level 7 of the Dungeon.
You visited 1 branch of the dungeon, and saw 7 of its levels.

You collected 388 gold pieces.

Inventory:

Hand Weapons
 d - a +0 club
 q - a +0 whip
 E - the +6 hand axe of True Grit (weapon) {vorpal, rN+ Int+7}
   (You found it on level 7 of the Dungeon)

   It inflicts extra damage upon your enemies.
   It affects your intelligence (+7).
   It protects you from negative energy.
Missiles
 b - 142 stones
Armour
 c - a +0 robe
 t - a +0 cloak
 w - a +2 robe of willpower (worn)
 y - a scarf of harm
 C - a +0 cloak (worn)
Jewellery
 j - an uncursed ring of flight {unknown}
Wands
 x - a wand of random effects (22)
 z - a wand of polymorph (12)
 A - a wand of acid (13)
Scrolls
 e - 8 scrolls of identify {unknown}
 f - 3 scrolls of teleportation {unknown}
 g - 3 scrolls of blinking {unknown}
 l - a scroll of amnesia {unknown}
 m - 2 scrolls of enchant weapon {unknown}
 p - 2 scrolls of magic mapping {unknown}
 s - a scroll of random uselessness {unknown}
 u - a scroll of immolation {unknown}
 v - 3 scrolls of remove curse {unknown}
Potions
 a - a potion of haste {unknown}
 h - 2 potions of mutation {unknown}
 i - 2 potions of might {unknown}
 k - 6 potions of curing {unknown}
 n - 2 potions of lignification {unknown}
 o - 2 potions of degeneration {unknown}
 r - 2 potions of flight {unknown}
 B - a potion of attraction {unknown}
 D - 2 potions of heal wounds {unknown}


   Skills:
 + Level 4.5 Fighting
 - Level 1.7 Dodging
 - Level 2.1 Stealth
 * Level 5.9 Spellcasting
 - Level 0.7 Transmutations
 * Level 8.3 Earth Magic


You had 12 spell levels left.
You knew the following spells:

 Your Spells              Type           Power        Failure   Level
a - Sandblast             Erth           94%          1%          1
b - Lee's Rapid Deconstr  Erth           23%          7%          5

Your spell library contained the following spells:

 Spells                   Type           Power        Failure   Level
 Passwall                 Tmut/Erth      24%          1%          2
 Stone Arrow              Conj/Erth      54%          4%          3
 Petrify                  Tmut/Erth      29%          12%         4


Dungeon Overview and Level Annotations

Branches:
Dungeon (7/15)
 Temple: D:4-7

Altars:
Ru
Xom

Annotations:
D:7 Harold


Innate Abilities, Weirdness & Mutations

You are resistant to torment.
Your stone body is resilient. (AC +5)
You are immune to poison.
You resist negative energy. (rN+)
You are resistant to electric shocks. (rElec)
You can survive without breathing.
You are immune to petrification.
You are immune to miasma.


Message History

Harold casts a spell at you. The mark upon you grows brighter.
Casting: Sandblast (safe; 1% risk of failure)
Confirm with . or Enter, or press ? or * to list all spells.
Aiming: Sandblast (safe; 1% risk of failure)
Press: ? - help, Shift-Dir - straight line, f/p - Harold
Aim: Harold, wielding a +0 flail, wearing a +0 chain mail and quivering 4 throwing nets (severely wounded, 8% to evade)
The blast of sand hits Harold.
Harold is almost dead.
Harold hits you with a +0 flail!!
* * * LOW HITPOINT WARNING * * *
Casting: Sandblast (safe; 1% risk of failure)
Confirm with . or Enter, or press ? or * to list all spells.
Aiming: Sandblast (safe; 1% risk of failure)
Press: ? - help, Shift-Dir - straight line, f/p - Harold
Aim: Harold, wielding a +0 flail, wearing a +0 chain mail and quivering 4 throwing nets (almost dead, 8% to evade)
The blast of sand hits Harold.
Harold is almost dead.
Harold hits you with a +0 flail!
You die...

+....... #...... #..... #....
#.#####... #.. .......[. ....
#... ........@.# #####..#
#........######@# ######...#..#
#........ #.....###...##...#..#
#.....#.. #...........##...#..#
#.....#.#.#...).......##...#..##
#.....#.#.#...........##........
#.........#..........†##...†..##
#.......###............'......#
######.........>.......#......#
#.#####...........#......#


You could see Harold.

Vanquished Creatures
  Sigmund (D:5)
  Menkaure (D:7)
  A phantom (D:4)
  2 ogres
  2 bullfrogs (D:7)
  A jelly (D:5)
  2 hounds
  An orc priest (D:5)
  A centaur skeleton (D:4)
  2 orc wizards
  3 iguanas (D:4)
  3 worker ants (D:7)
  8 adders
  A shadow imp (D:7)
  4 oozes
  2 adder skeletons
  6 worms
  2 dart slugs
  2 leopard geckos
  8 orcs
  6 bats
  16 giant cockroaches
  6 goblins
  8 hobgoblins
  10 jackals
  10 kobolds
  2 quokkas
  A ball python (D:3)
  9 frilled lizards
  A leopard gecko skeleton (D:4)
  A leopard gecko zombie (D:5)
  A quokka zombie (D:7)
  7 rats
131 creatures vanquished.

Vanquished Creatures (others)
  2 plants (D:3)
2 creatures vanquished.

Grand Total: 133 creatures vanquished

Notes
Turn   | Place    | Note
-------+----------+-------------------------------------------
     0 | D:1      | pcat the Gargoyle Earth Elementalist began the quest for
                  | the Orb.
     0 | D:1      | Reached XP level 1. HP: 10/10 MP: 3/3
   119 | D:1      | Reached XP level 2. HP: 9/16 MP: 1/5
   523 | D:1      | Reached skill level 4 in Earth Magic
  1129 | D:1      | Reached skill level 1 in Fighting
  1129 | D:1      | Reached XP level 3. HP: 16/20 MP: 6/6
  1875 | D:2      | Found a faded altar of an unknown god.
  2487 | D:2      | Reached XP level 4. HP: 21/25 MP: 4/8
  3299 | D:3      | Reached skill level 5 in Earth Magic
  3299 | D:3      | Reached XP level 5. HP: 30/30 MP: 9/9
  3342 | D:3      | Found a sacrificial altar of Ru.
  4578 | D:4      | Reached XP level 6. HP: 24/36 MP: 9/11
  4877 | D:4      | Reached skill level 6 in Earth Magic
  5086 | D:4      | Noticed a phantom
  5100 | D:4      | Killed a phantom
  5101 | D:4      | Reached XP level 7. HP: 41/41 MP: 2/13
  5764 | D:4      | You fall into a shaft and drop 2 floors!
  5772 | D:5      | Entered Level 5 of the Dungeon
  6477 | D:5      | Noticed Sigmund
  6499 | D:5      | Killed Sigmund
  6500 | D:5      | Reached skill level 5 in Spellcasting
  6500 | D:5      | Reached skill level 7 in Earth Magic
  6535 | D:5      | Learned a level 5 spell: Lee's Rapid Deconstruction
  6681 | D:5      | Found a shimmering altar of Xom.
  6700 | D:5      | You fall into a shaft and drop 2 floors!
  6704 | D:7      | Noticed Menkaure
  6710 | D:7      | Killed Menkaure
  6711 | D:7      | Reached XP level 8. HP: 38/48 MP: 2/16
  6763 | D:7      | Reached skill level 8 in Earth Magic
  7022 | D:7      | Got a pitted hand axe
  7023 | D:7      | Identified the +6 hand axe of True Grit {vorpal, rN+ Int+7}
                  | (You found it on level 7 of the Dungeon)
  7055 | D:7      | Noticed Harold
  7065 | D:7      | Demolished by Harold

Illustrated notes

Levels and vault maps discovered:
D:1:      minmay_arrival_loop, layout_basic
D:2:      minmay_roachtagon, layout_basic, chequers_ecumenical_altar_island,
          bh_walls_and_bars
D:3:      layout_loops_ring, corexii_shack, nicolae_ru_great_annihilating_truth
D:4:      layout_basic
D:5:      layout_loops_cross, lemuel_round_altar, minivault_25, uniq_sigmund
D:6:      layout_loops_corners, uniq_eustachio
D:7:      layout_basic, minmay_temple_entry_stoned_glass, uniq_menkaure,
          uniq_harold

Skill      XL: |  1  2  3  4  5  6  7  8 |
---------------+-------------------------+-----
Earth Magic    | 4 5 6 7 8 |  8.3
Fighting       | 1 2 3 4 |  4.5
Spellcasting   | 3 4 5 |  5.9
Dodging        | |  1.7
Stealth        | |  2.1
Transmutations | |  0.7

Action                   |  1- 3 |  4- 6 |  7- 9 || total
-------------------------+-------+-------+-------++-------
Melee: Club              |   133 |    32 |       ||   165
       Whip              |       |   184 |    38 ||   222
 Cast: Sandblast         |    24 |    77 |    64 ||   165
       Lee's Rapid Decon |       |       |     1 ||     1
 Stab: Sleeping          |     6 |     1 |     1 ||     8
Armor: Robe              |    57 |   110 |    24 ||   191
Dodge: Dodged            |   121 |   197 |    37 ||   355
